 Dungeon Crawl Stone Soup version 0.29.1-2-gbd0b4ee654 (webtiles) character file.

Game seed: 9298097166679573467

31 Norrock the Chiller (level 3, 22/26 HPs)
             Began as a Ghoul Ice Elementalist on Aug 28, 2022.
             Quit the game on level 1 of the Dungeon on Oct 29, 2022.
             The game lasted 00:06:21 (855 turns).

Norrock the Chiller (Ghoul Ice Elementalist)         Turns: 855, Time: 00:06:21

Health: 22/26      AC:  2    Str: 11    XL:     3   Next: 22%
Magic:  5/5        EV: 12    Int: 10    God:
Gold:   51         SH:  0    Dex: 11    Spells: 5/6 levels left

rFire   . . .      SeeInvis .     - Unarmed
rCold   + . .      Faith    .   (no shield)
rNeg    + + +      Spirit   .   a - +0 robe
rPois   ∞          Reflect  .   (no helmet)
rElec   .          Harm     .   (no cloak)
rCorr   .          Rampage  .   (no gloves)
Will    .....                   (no boots)
Stlth   ++........              (no amulet)
HPRegen 0.08/turn               (no ring)
MPRegen 0.09/turn               (no ring)

@: no status effects
A: claws 1, cold resistance 1, negative energy resistance 3, inhibited
regeneration, torment resistance 2, devour on kill
a: no special abilities


You were on level 1 of the Dungeon.
You visited 1 branch of the dungeon, and saw 1 of its levels.

You collected 51 gold pieces.

Inventory:

Armour
 a - a +0 robe (worn)
Scrolls
 c - a scroll of teleportation {unknown}
 d - a scroll of identify {unknown}
 h - a scroll of torment {unknown}
Potions
 b - a potion of magic
 e - a potion of mutation {unknown}
 f - a potion of curing {unknown}
 g - a potion of brilliance {unknown}


   Skills:
 - Level 1.7 Dodging
 - Level 2.1 Stealth
 + Level 1.9 Unarmed Combat
 - Level 2.0 Spellcasting
 + Level 4.9 Ice Magic


You had 5 spell levels left.
You knew the following spells:

 Your Spells              Type           Power      Damage    Failure   Level
a - Freeze                Ice            40%        1d6       4%          1

Your spell library contained the following spells:

 Spells                   Type           Power      Damage    Failure   Level
 Frozen Ramparts          Ice            20%        1d4       12%         3
 Ozocubu's Armour         Ice            10%        N/A       12%         3
 Hailstorm                Conj/Ice       5%         3d4       75%         4


Dungeon Overview and Level Annotations

Branches:
Dungeon (1/15)

Altars:

Shops:
D:1 *


Innate Abilities, Weirdness & Mutations

You are immune to poison.
You have sharp fingernails.
Your flesh is cold resistant. (rC+)
You are immune to negative energy. (rN+++)
You do not regenerate when monsters are visible.
You are immune to unholy pain and torment.
You thrive by killing the living.


Message History

The jackal is almost dead.
The jackal bites you.
You miss the jackal.
The jackal is almost dead.
The jackal bites you. The jackal closely misses you.
You scratch the jackal.
You kill the jackal!
The jackal barely misses you.
You barely miss the jackal. The jackal closely misses you.
You closely miss the jackal. The jackal closely misses you.
The jackal barks!
You scratch the jackal.
The jackal is moderately wounded.
The jackal bites you. x2
You scratch the jackal.
The jackal is severely wounded.
The jackal bites you.
You scratch the jackal.
You kill the jackal!
You feel better.
You barely miss the goblin. The goblin closely misses you.
You closely miss the goblin. The goblin closely misses you.
You scratch the goblin but do no damage.
The goblin closely misses you.
You scratch the goblin.
The goblin is severely wounded.
The goblin hits you but does no damage.
You scratch the goblin.
You kill the goblin!
You feel better.
You claw the jackal!
You kill the jackal!
You feel better.
You see here a +0 dagger.
Unknown command.
Welcome back, Norrock the Ghoul Ice Elementalist.
Press ? for a list of commands and other information.
Okay, then.
Okay, then.
Are you sure you want to abandon this character and quit the game? (Confirm with "yes".)

.g.....................
#............8... #
#....##.......♣.. .
#....##.......... #.
#....##..........
..##.###....##..........
..........(..........###
........................
.##.###@#...#####.####.#
#. #.##.^#..[#.####.#
#.##.....#...#..##...
#....#...#.).#..†...#
####...##.###.##....#
##...#.#...#.#....#
##..##.##...##.##..#
#...#.#...#...#.#...
#.####.##.##..##...##.##.


There were no monsters in sight!

Vanquished Creatures
  3 endoplasms (D:1)
  2 giant cockroaches (D:1)
  3 goblins (D:1)
  2 hobgoblins (D:1)
  7 jackals (D:1)
  A kobold (D:1)
  3 ball pythons (D:1)
  A bat (D:1)
  A frilled lizard (D:1)
  2 rats (D:1)
25 creatures vanquished.

Notes
Turn   | Place    | Note
-------+----------+-------------------------------------------
     0 | D:1      | Norrock the Ghoul Ice Elementalist began the quest for the
                  | Orb.
     0 | D:1      | Reached XP level 1. HP: 14/14 MP: 2/2
   161 | D:1      | Reached skill level 1 in Unarmed Combat
   161 | D:1      | Reached XP level 2. HP: 16/20 MP: 4/4
   518 | D:1      | Found a faded altar of an unknown god.
   587 | D:1      | Found Luliales's Assorted Antiques.
   827 | D:1      | Reached XP level 3. HP: 24/26 MP: 5/5
   855 | D:1      | Upgraded the game from 0.29.0-4-gdea44cf6ec to
                  | 0.29.1-2-gbd0b4ee654
   855 | D:1      | Quit the game

Illustrated notes

Levels and vault maps discovered:
D:1:      wander_arrival_peaceful_grave, layout_basic,
          hellmonk_ecumenical_altar_leap_of_faith, serial_shops, shop,
          minmay_misc_feat_tower, minmay_misc_feat_plants,
          dreamdust_princess_corridor, minmay_vboxes

Skill      XL: |  1 |
---------------+----+-----
Unarmed Combat | 1 |  1.9
Spellcasting   | 2 |  2.0
Dodging        | |  1.7
Stealth        | |  2.1
Ice Magic      | |  4.9

Action                   || total
-------------------------++-------
Melee: Unarmed           ||    99
       Punch             ||     2
 Cast: Freeze            ||     4
 Stab: Sleeping          ||     3
Armor: Robe              ||    14
Dodge: Dodged            ||    62
